 Seeded DCSS version 0.30-a0-6-g7c9e10e132 (webtiles) character file.

Game seed: 7010340576409463590 (custom seed)

2150 NinjaNoafa the Grappler (level 9, 0/85 HPs)
             Began as a Troll Fighter on Aug 22, 2022.
             Was a Believer of Trog.
             Killed from afar by Maggie (15 damage)
             ... with a bolt of fire
             ... on level 7 of the Dungeon.
             The game lasted 00:14:16 (5240 turns).

NinjaNoafa the Grappler (Troll Fighter)             Turns: 5240, Time: 00:14:16

Health: 0/85       AC:  6    Str: 26    XL:     9   Next: 10%
Magic:  8/8        EV: 10    Int:  4    God:    Trog [**....]
Gold:   285        SH: 11    Dex: 13    Spells: 8/8 levels left

rFire   . . .      SeeInvis .      - Unarmed
rCold   . . .      Faith    .    b - +1 kite shield
rNeg    . . .      Spirit   .    u - +0 troll leather armour {Pargi}
rPois   .          Reflect  .    (helmet restricted)
rElec   .          Harm     .    (no cloak)
rCorr   .          Rampage  .    (gloves unavailable)
Will    ++...                    (boots unavailable)
Stlth   +.........               (no amulet)
HPRegen 2.84/turn                y - ring of flight
MPRegen 0.11/turn                (no ring)

@: strong-willed, on berserk cooldown, flying, regenerating, slowed, very slow
A: large, unfitting armour, claws 3, regeneration 1, shaggy fur 1, tough skin 1
a: Renounce Religion, Berserk, Trog's Hand


You were on level 7 of the Dungeon.
You worshipped Trog.
Trog was pleased with you.
You visited 2 branches of the dungeon, and saw 8 of its levels.
You also visited: Sewer.

You collected 285 gold pieces.

Inventory:

Missiles
 a - 5 boomerangs
 g - 21 stones
 j - 5 silver javelins
 p - 2 poisoned darts
Armour
 b - a +1 kite shield (worn)
 u - a +0 troll leather armour (worn) {Pargi}
Jewellery
 y - a ring of flight (left claw)
Wands
 i - a wand of acid (9) (quivered)
Scrolls
 d - 2 scrolls of silence
 e - 2 scrolls of blinking
 h - a scroll of vulnerability {unknown}
 k - a scroll of magic mapping
 m - 6 scrolls of teleportation
 n - 2 scrolls of enchant weapon
 o - 2 scrolls of summoning {unknown}
 s - 4 scrolls of fog {unknown}
 v - a scroll of fear {unknown}
Potions
 c - 2 potions of might
 f - 3 potions of curing
 l - 2 potions of magic
 q - 2 potions of flight
 r - a potion of lignification
 t - 2 potions of invisibility
 w - a potion of mutation {unknown}
 x - a potion of brilliance {unknown}
 z - a potion of heal wounds {unknown}


   Skills:
 + Level 4.5 Fighting
 - Level 6.0 Dodging
 - Level 8.0 Shields
 - Level 12.0 Unarmed Combat


You had 8 spell levels left.
You didn't know any spells.
Your spell library contained the following spells:

 Spells                   Type           Power      Damage    Failure   Level
 Inner Flame              Hex/Fire       0%         N/A       98%         3
 Ozocubu's Armour         Ice            0%         N/A       98%         3
 Cause Fear               Hex            0%         N/A       100%        4
 Ozocubu's Refrigeration  Ice            0%         4d7       100%        7
 Discord                  Hex            0%         N/A       100%        8


Dungeon Overview and Level Annotations

Branches:
Dungeon (7/15)             Temple (1/1) D:6           Sewer (visited)

Altars:
Ashenzari
Cheibriados
Dithmenos
Elyvilon
Fedhas
Gozag
Hepliaklqana
Kikubaaqudgha
Makhleb
Nemelex Xobeh
Okawaru
Qazlal
Ru
Sif Muna
Trog
Uskayaw
Vehumet
Wu Jian
Xom
Yredelemnul
Zin
The Shining One

Annotations:
D:7 Maggie


Innate Abilities, Weirdness & Mutations

You are too large for most types of armour.
You have claws for hands.
Your natural rate of healing is unusually fast.
You are covered in fur. (AC +1)
You have tough skin. (AC +1)


Message History

You feel a bit more experienced.
You see here a sky beast corpse.
Maggie the Vainglorious comes into view.
She is wielding a +0 glaive of flaming.
You feel a strong urge to attack something.
Calm down first, please.
You are no longer berserk.
You are exhausted.
You feel yourself slow down.
Maggie mumbles some strange words.
Maggie attempts to bespell you!
You are mesmerised by Maggie!
Maggie casts a spell at you. The bolt of fire hits you!!
Maggie hits you from afar with a +0 glaive of flaming.
Maggie burns you.
Maggie says, "Fear not.
I will immortalize you in the tale of my first kill."
Maggie hits you with a +0 glaive of flaming!
Maggie burns you.
You barely miss Maggie. Maggie closely misses you.
Maggie hits you with a +0 glaive of flaming!
Maggie burns you.
You closely miss Maggie. You block Maggie's attack.
Aiming: Corrosive Bolt
Press: ? - help, Shift-Dir - straight line, f - Maggie
Aim: Maggie, wielding a +0 glaive of flaming and wearing +0 steam dragon scales (mesmerising, 71% to hit)
The bolt of acid hits Maggie!
Maggie is moderately wounded.
Maggie points at you and mumbles some strange words.
The bolt of fire hits you!
Okay, then.
Your skin crawls.
You feel strong-willed.
You break out of your daze.
Maggie hits you with a +0 glaive of flaming!
* * * LOW HITPOINT WARNING * * *
Maggie burns you.
* * * LOW HITPOINT WARNING * * *
Maggie gestures at you while chanting. The bolt of fire hits you!
You die...

#############
#..†....@@..#
##.########.#
#.# #.#####
##.....#
#>.....#
##.##### ##.#
#..#
##########


You could see Maggie.

Vanquished Creatures
  Sigmund (D:4)
  An ice beast (D:6)
  Pargi (Sewer)
  A sky beast (D:7)
  A black bear (D:5)
  2 phantoms (D:4)
  2 necrophages
  4 scorpions
  3 howler monkeys
  2 jellies
  2 hounds
  Crazy Yiuf (D:6)
  An orc priest (D:5)
  3 iguanas
  5 orc wizards
  3 river rats (D:4)
  14 adders
  A shadow imp (D:7)
  A white imp (D:6)
  5 worms
  2 dart slugs
  7 orcs
  4 endoplasms
  8 giant cockroaches
  13 goblins
  12 hobgoblins
  4 jackals (D:2)
  3 quokkas
  12 ball pythons
  8 bats
  7 frilled lizards
  6 kobolds
  15 rats
155 creatures vanquished.

Notes
Turn   | Place    | Note
-------+----------+-------------------------------------------
     0 | D:1      | NinjaNoafa the Troll Fighter began the quest for the Orb.
     0 | D:1      | Reached XP level 1. HP: 22/22 MP: 0/0
    55 | D:1      | Found a faded altar of an unknown god.
   299 | D:1      | Reached XP level 2. HP: 29/29 MP: 1/1
   451 | D:1      | Reached skill level 3 in Unarmed Combat
   923 | D:2      | Reached XP level 3. HP: 28/36 MP: 2/2
  1109 | D:2      | Reached skill level 4 in Unarmed Combat
  1293 | D:2      | Reached XP level 4. HP: 44/44 MP: 3/3
  1751 | D:3      | Reached skill level 5 in Unarmed Combat
  1802 | D:3      | Reached skill level 5 in Dodging
  1802 | D:3      | Reached skill level 7 in Unarmed Combat
  1802 | D:3      | Reached XP level 5. HP: 50/50 MP: 4/4
  1803 | D:3      | Reached skill level 11 in Unarmed Combat
  1803 | D:3      | Reached XP level 6. HP: 59/59 MP: 5/5
  1855 | D:3      | Found a radiant altar of Vehumet.
  1955 | D:3      | Found a glowing golden altar of the Shining One.
  1956 | D:3      | Found a hazy altar of Hepliaklqana.
  1956 | D:3      | Found a bloodstained altar of Trog.
  1959 | D:3      | Found an ancient bone altar of Kikubaaqudgha.
  1959 | D:3      | Found a sparkling altar of Nemelex Xobeh.
  1961 | D:3      | Found a white marble altar of Elyvilon.
  1961 | D:3      | Found a shimmering blue altar of Sif Muna.
  1962 | D:3      | Found an iron altar of Okawaru.
  1988 | D:3      | Became a worshipper of Trog the Wrathful
  2374 | D:4      | Reached XP level 7. HP: 55/66 MP: 6/6
  2455 | D:4      | Noticed Sigmund
  2464 | D:4      | Killed Sigmund
  2465 | D:4      | Reached skill level 12 in Unarmed Combat
  2549 | D:4      | Reached * piety under Trog
  2550 | D:4      | Reached XP level 8. HP: 74/74 MP: 7/7
  2814 | D:4      | Found a glowing drain.
  2819 | Sewer    | Entered a sewer
  2834 | Sewer    | Noticed Pargi
  2843 | Sewer    | Killed Pargi
  3072 | D:5      | Entered Level 5 of the Dungeon
  3103 | D:5      | Reached ** piety under Trog
  4041 | D:6      | Found a staircase to the Ecumenical Temple.
  4054 | Temple   | Entered the Ecumenical Temple
  4054 | Temple   | Found a transporter.
  4054 | Temple   | Found a transporter.
  4056 | Temple   | Found a transporter.
  4056 | Temple   | Found a transporter.
  4308 | D:6      | Reached XP level 9. HP: 73/84 MP: 8/8
  4474 | D:6      | Found a runed translucent door.
  4475 | D:6      | Noticed Crazy Yiuf
  4480 | D:6      | Killed Crazy Yiuf
  5232 | D:7      | Noticed Maggie
  5240 | D:7      | Killed from afar by Maggie

Illustrated notes

Levels and vault maps discovered:
D:1:      tarquinn_simple_flora_water_b, layout_loops_ring,
          ebering_ecumenical_altar_rust, roderic_roman_lattice, chequers_avenue
D:2:      layout_basic, minmay_tetromino_o4
D:3:      layout_rooms, nicolae_vehumet_radiance, grunt_temple_overflow_open,
          hangedman_abyss_or_decor_lesser_grid
D:4:      layout_rooms, portal_sewer_entry_e, grunt_ministairs_12,
          hangedman_decor_growths, uniq_sigmund
D:5:      layout_loops_corners
D:6:      layout_basic, minmay_temple_entry_glass,
          chequers_serial_rivers_micro_b, minmay_a_box_with_orc_wizards_in_it,
          uniq_crazy_yiuf_cottage
D:7:      minmay_razor_zed, layout_basic, serial_shops, nicolae_take_the_stairs,
          hangedman_decor_push, uniq_maggie
Temple:   hellmonk_temple_divided_pantheon

Skill      XL: |  1  2  3  4  5  6  7  8 |
---------------+-------------------------+-----
Unarmed Combat | 3 4 7 11 12 | 12.0
Dodging        | 5 6 |  6.0
Shields        | 7 8 |  8.0
Fighting       | 4 |  4.5

Action                   |  1- 3 |  4- 6 |  7- 9 || total
-------------------------+-------+-------+-------++-------
Melee: Unarmed           |   119 |   100 |   160 ||   379
Throw: Javelin           |       |       |     4 ||     4
       Boomerang         |       |       |     3 ||     3
Invok: Trog's Hand       |       |       |     2 ||     2
       Berserk           |       |       |     1 ||     1
Evoke: Wand              |       |       |     1 ||     1
  Use: Potion            |       |     5 |       ||     5
       Scroll            |       |     8 |     2 ||    10
Armor: Robe              |    58 |    38 |    15 ||   111
       Skin              |       |     3 |       ||     3
       Troll leather arm |       |       |    18 ||    18
Dodge: Dodged            |    36 |    46 |    56 ||   138
Block: Kite shield       |    51 |    55 |    70 ||   176

Table legend: (Time is in decaauts)
 A = Elapsed time spent in this place.
 B = Non-inter-level travel time spent in this place.
 C = Inter-level travel time spent in this place.
 D = Time resting spent in this place.
 E = Time spent auto-exploring this place.
 F = Levels seen in this place.
 G = Mean time per level.
                   A        B        C        D        E       F      G
               +--------+--------+--------+--------+--------+-----+--------+
         Total |   5272 |   4804 |    468 |     43 |   3506 |   9 |  585.8 |
       Dungeon |   5045 |   4577 |    468 |     43 |   3404 |   7 |  720.7 |
        Temple |     41 |     41 |      0 |      0 |      6 |   1 |   41.0 |
         Sewer |    185 |    185 |      0 |      0 |     96 |   1 |  185.0 |
               +--------+--------+--------+--------+--------+-----+--------+

Top non-repeatable levels by time:
     D:6: 1256 daAuts
     D:2: 892 daAuts
     D:1: 855 daAuts
     D:5: 811 daAuts
     D:4: 626 daAuts
     D:3: 552 daAuts
   Sewer: 185 daAuts
     D:7: 50 daAuts
  Temple: 41 daAuts
